 Dungeon Crawl Stone Soup version 0.24-a0-183-g8902462 (webtiles) character file.

Game seed: 13244612651005964827

92103 Azzok the Eclecticist (level 15, -16/85 HPs)
             Began as a Deep Elf Fire Elementalist on Mar 15, 2019.
             Was a High Priest of Vehumet.
             Engulfed by a fire crab's flame (20 damage)
             ... on level 6 of the Lair of Beasts.
             The game lasted 00:59:52 (31540 turns).

Azzok the Eclecticist (Deep Elf Fire Elementalist) Turns: 31540, Time: 00:59:53

Health: -16/85     AC:  8    Str:  5    XL:     15   Next: 56%
Magic:  19/47      EV: 20    Int: 32    God:    Vehumet [*****.]
Gold:   1352       SH:  6    Dex: 20    Spells: 30/49 levels left

rFire    . . .     SeeInvis +   v - +5 scimitar (flame)
rCold    x . .     Gourm    .   F - +0 buckler
rNeg     . . .     Faith    .   w - +1 robe of the Pit {Int+5}
rPois    +         Spirit   .   G - +0 helmet
rElec    .         Reflect  .   N - +0 cloak "Vomedgheo" {rPois rF- MP+9 SInv}
rCorr    .         Harm     .   E - +1 pair of gloves
MR       +....                  i - +0 pair of boots
Stlth    ++........             (no amulet)
HPRegen  0.24/turn              x - +5 ring of dexterity
MPRegen  0.30/turn              p - ring of fire

@: no status effects
A: no striking features
a: Renounce Religion


You were on level 6 of the Lair of Beasts.
You worshipped Vehumet.
Vehumet was extremely pleased with you.
You were near starving.

You visited 4 branches of the dungeon, and saw 24 of its levels.
You also visited: Ice Cave and Volcano.

You collected 2663 gold pieces.
You spent 1311 gold pieces at shops.

Inventory:

Hand Weapons
 v - a +5 scimitar of flaming (weapon)
Missiles
 q - 5 throwing nets (quivered)
Armour
 i - a +0 pair of boots (worn)
 w - the +1 robe of the Pit (worn) {Int+5}
   (You found it on level 3 of the Lair of Beasts)

   It affects your intelligence (+5).
 C - the +2 leather armour of the Present {MR+ rCorr}
   (You found it on level 4 of the Lair of Beasts)

   It affects your resistance to hostile enchantments.
   It provides partial protection from all sources of acid and corrosion.
 E - a +1 pair of gloves (worn)
 F - a +0 buckler (worn)
 G - a +0 helmet (worn)
 I - a +0 troll leather armour
 N - the +0 cloak "Vomedgheo" (worn) {rPois rF- MP+9 SInv}
   (You found it on level 5 of the Lair of Beasts)

   It makes you vulnerable to fire.
   It protects you from poison.
   It affects your magic capacity (+9).
   It lets you see invisible.
Magical Staves
 H - an uncursed staff of fire
Jewellery
 d - the ring "Suonisk" {+Inv +Fly MR+ Dex+2}
   (You found it on level 8 of the Dungeon)

   [ring of dexterity]

   It affects your dexterity (+2).
   It affects your resistance to hostile enchantments.
   It lets you turn invisible.
   It lets you fly.
 j - an uncursed ring of resist corrosion
 l - an uncursed ring of see invisible
 p - a ring of fire (right hand)
 x - a +5 ring of dexterity (left hand)
 M - an uncursed ring of protection from magic
Wands
 t - a wand of disintegration (12)
 K - a wand of paralysis (20)
 L - a wand of digging (5)
 P - a wand of acid (6)
Scrolls
 e - 6 scrolls of teleportation
 g - 4 scrolls of fear
 k - 12 scrolls of remove curse
 m - 6 scrolls of amnesia
 s - a scroll of holy word
 A - 2 scrolls of magic mapping
 D - a scroll of immolation
 J - 2 scrolls of enchant armour
 Q - 7 scrolls of identify
Potions
 a - 2 potions of ambrosia
 b - 10 potions of curing
 f - 3 potions of berserk rage
 h - 3 potions of flight
 n - a potion of haste
 o - 5 potions of lignification
 r - 3 potions of brilliance
 u - 2 potions of heal wounds
 z - a potion of magic
 O - 3 potions of agility
Miscellaneous
 y - a phial of floods
 S - a phantom mirror
Comestibles
 c - 34 rations


   Skills:
 + Level 6.9 Fighting
 - Level 10.0 Dodging
 - Level 2.4 Stealth
 - Level 4.0 Shields
 + Level 17.5 Spellcasting
 + Level 15.0 Conjurations
 + Level 15.3 Fire Magic
 - Level 7.0 Evocations


You had 30 spell levels left.
You knew the following spells:

 Your Spells              Type           Power        Failure   Level  Hunger
a - Flame Tongue          Conj/Fire      #####        0%          1    None
b - Conjure Flame         Conj/Fire      ########     0%          3    None
c - Sticky Flame          Conj/Fire      ########     1%          4    None
d - Fireball              Conj/Fire      ########..   1%          5    None
e - Conjure Ball Lightni  Conj/Air       ######....   2%          6    None

Your spell library contained the following spells:

 Spells                   Type           Power        Failure   Level  Hunger
 Spellforged Servitor     Conj/Summ      ######....   14%         7    ####...
 Magic Dart               Conj           ####         0%          1    None
 Searing Ray              Conj           ######       0%          2    None
 Throw Flame              Conj/Fire      ######       0%          2    None
 Dazzling Spray           Conj/Hex       ######       1%          3    None
 Inner Flame              Hex/Fire       #######.     1%          3    None
 Force Lance              Conj/Tloc      ######..     1%          4    None
 Fulminant Prism          Conj/Hex       ######....   1%          4    None
 Iskenderun's Mystic Bla  Conj           #######.     1%          4    None
 Bolt of Cold             Conj/Ice       ######....   2%          6    None
 Recall                   Summ/Tloc      N/A          4%          3    None
 Freezing Cloud           Conj/Ice/Air   ######....   7%          6    None
 Animate Dead             Necr           N/A          14%         4    None
 Ice Form                 Ice/Tmut       ####....     14%         4    None
 Borgnjor's Vile Clutch   Necr/Erth      ####......   36%         5    None
 Metabolic Englaciation   Hex/Ice        ####......   36%         5    None
 Ozocubu's Refrigeration  Ice            ####......   45%         6    None
 Death Channel            Necr           ####......   91%         6    None
 Simulacrum               Ice/Necr       ####......   91%         6    None


Dungeon Overview and Level Annotations

Branches:
Dungeon (15/15) Temple (1/1) D:4 Lair (6/6) D:8 Swamp (0/4) Lair:4 Snake (0/4) Lair:4 Orc (2/2) D:12 Elf (0/3) Orc:2 Vaults (0/5) D:12 D:13 Depths (0/5) D:15 Slime: Lair:5-6

Altars:
Ashenzari
Cheibriados
Dithmenos
Elyvilon
Fedhas
Gozag
Hepliaklqana
Kikubaaqudgha
Makhleb
Nemelex Xobeh
Okawaru
Qazlal
Ru
Sif Muna
Trog
Uskayaw
Vehumet
Wu Jian
Yredelemnul
Zin
The Shining One
Beogh

Shops:
D:9 (   Orc:2 =[:*(?}

Portals:
Pandemonium: Orc:2
Trove: D:14 (give 12 potions of heal wounds)


Message History

The helpless fire crab fails to defend itself.
You hit the fire crab.
The fire crab is severely wounded.
The helpless fire crab fails to defend itself.
You hit the fire crab but do no damage.
The fire crab is severely wounded.
The helpless fire crab fails to defend itself.
You hit the fire crab.
The fire crab is severely wounded.
The fire crab is no longer paralysed.
The fire crab bites you!
* * * LOW HITPOINT WARNING * * *
You are engulfed in flames!
* * * LOW HITPOINT WARNING * * *
You block the fire crab's attack. The fire crab breathes flames at you.
The blast of flame engulfs you but does no damage.
You hit the fire crab.
The fire crab is almost dead.
You are engulfed in blazing flames.
You die...

▒·▒··(············
▒······PP··P····P·
▒▒▒·▒····▒▒·····P··▒
······†·▒··▒····▒▒▒▒
······†·······▒▒
P▒▒·····P▒····▒
▒···········▒
▒·▒°°·······▒
▒·°@°·······▒
▒▒°t°··▒··▒▒▒
▒▒·······▒
▒··▒·▒···▒▒▒▒
▒········PP·▒▒·▒
▒·········P·····
······▒···▒▒····
·····▒·▒··▒▒ ▒▒·
··▒▒·▒▒·▒*·▒▒


You could see a fire crab.

Vanquished Creatures
  A stone giant (Orc:1)
  Nessos (D:14)
  Harold (D:7)
  6 hydras
  A catoblepas (Lair:5)
  Erica (D:8)
  6 two-headed ogres
  3 centaur warriors
  3 death yaks (D:8)
  An ogre mage (D:15)
  A tengu warrior (D:12)
  6 orc high priests (Orc:2)
  A vampire mage (D:15)
  A titan zombie (D:15)
  Urug (D:10)
  Nergalle (D:10)
  A skeletal warrior (D:15)
  An unseen horror (D:11)
  4 lindwurms (Lair:5)
  A necromancer (D:15)
  5 orc knights
  A tengu skeleton (D:15)
  4 orc sorcerers (Orc:2)
  11 ugly things
  A fire giant zombie (D:15)
  A cyclops (D:15)
  A manticore (shapeshifter) (D:14)
  A toenail golem (Lair:1)
  15 elephants
  3 ice statues (IceCv)
  Joseph (D:7)
  9 black mambas
  Psyche (D:12)
  Maurice (Orc:2)
  9 spiny frogs
  A gargoyle (D:10)
  A torpor snail (Lair:6)
  A rime drake (Lair:4)
  7 komodo dragons
  A red devil (Orc:2)
  An ice devil (Orc:2)
  2 tengu conjurers (D:13)
  A guardian mummy (D:15)
  3 polar bears
  3 meliai (D:15)
  5 trolls
  A hornet (D:11)
  3 slime creatures (D:12)
  10 blink frogs
  Prince Ribbit (Lair:3)
  12 hippogriffs
  An ice dragon zombie (D:15)
  2 shadows
  7 wyverns
  A wraith (D:12)
  40 yaks
  4 vampires
  Grum (D:9)
  16 humans
  2 basilisks
  2 hungry ghosts
  A steam dragon (Lair:6)
  3 vampire mosquitoes (D:12)
  4 wargs
  A soldier ant (D:14)
  12 water moccasins
  Duvessa (D:7)
  11 ice beasts
  8 porcupines
  3 black bears
  34 orc warriors
  A necrophage (D:9)
  3 sky beasts
  3 phantoms
  17 ogres
  20 centaurs
  14 crocodiles
  18 wolves
  A big kobold (D:9)
  21 bullfrogs
  2 wyvern zombies (D:9)
  Dowan (D:7)
  A water moccasin zombie (D:6)
  3 wyvern skeletons
  5 killer bees (D:8)
  4 scorpions
  10 wights
  3 electric eels
  2 howler monkeys
  11 crimson imps
  3 centaur zombies
  A quasit (D:6)
  3 hounds
  2 jellies
  7 centaur skeletons
  28 orc priests
  23 orc wizards
  2 bullfrog skeletons (D:8)
  4 iguanas
  4 worker ants
  3 hell rats (D:8)
  A hound zombie (D:8)
  2 hound skeletons
  6 gnolls
  20 adders
  A river rat (D:8)
  2 shadow imps
  12 white imps (Orc:2)
  An adder zombie (D:7)
  2 worms
  3 dart slugs
  4 leopard geckos
  98 orcs
  4 ball pythons
  4 giant cockroaches
  5 goblins
  4 hobgoblins
  3 jackals (D:4)
  6 kobolds
  5 quokkas
  4 bats
  4 frilled lizards
  A jackal skeleton (D:7)
  5 rats
  A bush (Lair:3)
  9 fungi
  6 plants
  A withered plant (D:15)
747 creatures vanquished.

Vanquished Creatures (collateral kills)
  An infernal demonspawn (Orc:2)
  An orc sorcerer (Orc:2)
  A rust devil (Orc:2)
  A ball lightning (Lair:6)
  A spiny frog (Lair:1)
  An orc warrior (Orc:2)
6 creatures vanquished.

Vanquished Creatures (others)
  4 ball lightnings (Lair:6)
  38 fungi
  41 plants
  6 withered plants (D:15)
89 creatures vanquished.

Grand Total: 842 creatures vanquished

Notes
Turn   | Place    | Note
-------+----------+-------------------------------------------
     0 | D:1      | Azzok the Deep Elf Fire Elementalist began the quest for
                  | the Orb.
     0 | D:1      | Reached XP level 1. HP: 10/10 MP: 6/6
   350 | D:1      | Reached XP level 2. HP: 15/15 MP: 4/8
  1024 | D:2      | Found a stormy altar of Qazlal.
  1026 | D:2      | Found an ancient bone altar of Kikubaaqudgha.
  1466 | D:2      | Reached XP level 3. HP: 19/19 MP: 5/10
  1471 | D:2      | Learned a level 3 spell: Conjure Flame
  1844 | D:3      | Reached skill level 4 in Spellcasting
  2150 | D:3      | Reached XP level 4. HP: 24/24 MP: 9/12
  2537 | D:3      | Reached XP level 5. HP: 28/28 MP: 12/14
  2746 | D:3      | Learned a level 4 spell: Sticky Flame
  2766 | D:4      | Noticed an ogre
  2781 | D:4      | Killed an ogre
  2781 | D:4      | Reached skill level 5 in Spellcasting
  2848 | D:4      | Found a staircase to the Ecumenical Temple.
  2859 | D:4      | Reached skill level 5 in Fire Magic
  2933 | Temple   | Entered the Ecumenical Temple
  2954 | Temple   | Became a worshipper of Vehumet
  3537 | D:5      | Entered Level 5 of the Dungeon
  3608 | D:5      | Noticed an ogre
  3633 | D:5      | Killed an ogre
  3633 | D:5      | Reached XP level 6. HP: 32/32 MP: 10/16
  3755 | D:5      | Reached skill level 6 in Spellcasting
  3860 | D:5      | Reached XP level 7. HP: 21/36 MP: 11/18
  3990 | D:5      | Found a shadowy altar of Dithmenos.
  4198 | D:5      | Reached skill level 5 in Conjurations
  4428 | D:5      | Reached skill level 7 in Spellcasting
  4804 | D:5      | Found an opulent altar of Gozag.
  4804 | D:5      | Found a glowing silver altar of Zin.
  4884 | D:5      | Reached XP level 8. HP: 10/41 MP: 13/21
  5191 | D:5      | Learned a level 5 spell: Fireball
  5681 | D:6      | Reached skill level 8 in Spellcasting
  6126 | D:6      | Reached * piety under Vehumet
  6126 | D:6      | Offered knowledge of Sandblast by Vehumet.
  6422 | D:6      | Reached skill level 9 in Spellcasting
  6549 | D:6      | Found a sparkling altar of Nemelex Xobeh.
  6582 | D:6      | Reached XP level 9. HP: 45/45 MP: 14/24
  7092 | D:6      | Found a blossoming altar of Fedhas.
  7168 | D:7      | Noticed Joseph
  7171 | D:7      | Killed Joseph
  7384 | D:7      | Reached skill level 1 in Evocations
  7493 | D:7      | Reached skill level 10 in Spellcasting
  7615 | D:7      | Noticed Duvessa
  7634 | D:7      | Noticed Dowan
  7640 | D:7      | Killed Duvessa
  7647 | D:7      | Noticed Harold
  7670 | D:7      | Killed Harold
  7696 | D:7      | Killed Dowan
  7942 | D:7      | Reached ** piety under Vehumet
  7942 | D:7      | Offered knowledge of Throw Frost by Vehumet.
  8019 | D:7      | Reached XP level 10. HP: 41/50 MP: 19/26
  8103 | D:7      | Found a sacrificial altar of Ru.
  8339 | D:8      | Reached skill level 11 in Spellcasting
  8339 | D:8      | Noticed a death yak
  8495 | D:8      | Got a vibrating granite ring
  8580 | D:7      | Identified the ring "Suonisk" {+Inv +Fly MR+ Dex+2} (You
                  | found it on level 8 of the Dungeon)
  8642 | D:8      | Noticed Erica
  8644 | D:8      | Paralysed by Erica for 2 turns
  8665 | D:8      | Paralysed by something for 3 turns
  8680 | D:8      | Paralysed by something for 4 turns
  8688 | D:8      | Killed Erica
  8889 | D:8      | Noticed a death yak
  8897 | D:8      | Reached skill level 10 in Fire Magic
  8897 | D:8      | Noticed a death yak
  9049 | D:8      | Reached skill level 5 in Evocations
  9050 | D:8      | Offered knowledge of Ignite Poison by Vehumet.
  9365 | D:8      | Killed a death yak
  9368 | D:8      | Killed a death yak
  9368 | D:8      | Reached skill level 12 in Spellcasting
  9368 | D:8      | Reached skill level 10 in Conjurations
  9526 | D:8      | Found a staircase to the Lair.
  9541 | D:8      | Killed a death yak
  9541 | D:8      | Reached XP level 11. HP: 54/54 MP: 5/29
  9996 | D:9      | Found Ewourilu's Antique Weapon Emporium.
 10015 | D:9      | Reached *** piety under Vehumet
 10430 | D:9      | Found a basalt altar of Yredelemnul.
 10625 | D:9      | Noticed Grum
 10628 | D:9      | Killed Grum
 10669 | D:9      | Offered knowledge of Stone Arrow by Vehumet.
 11161 | D:10     | Entered Level 10 of the Dungeon
 11161 | D:10     | Noticed Nergalle
 11164 | D:10     | Killed Nergalle
 11675 | D:10     | Reached **** piety under Vehumet
 11688 | D:10     | Reached skill level 13 in Spellcasting
 11689 | D:10     | Noticed Urug
 12126 | D:10     | Killed Urug
 12126 | D:10     | Offered knowledge of Force Lance by Vehumet.
 12976 | D:10     | Reached skill level 1 in Shields
 13380 | D:11     | Noticed an unseen horror
 13381 | D:11     | Killed an unseen horror
 13643 | D:11     | Noticed a two-headed ogre
 13646 | D:11     | Killed a two-headed ogre
 13646 | D:11     | Reached XP level 12. HP: 59/59 MP: 22/31
 13997 | Lair:1   | Entered Level 1 of the Lair of Beasts
 14008 | Lair:1   | Noticed an eight-headed hydra
 14011 | Lair:1   | Killed an eight-headed hydra
 14176 | Lair:1   | Reached skill level 14 in Spellcasting
 14310 | Lair:1   | Found a dark tunnel.
 14359 | Volcano  | Entered a volcano
 14379 | Lair:1   | Reached ***** piety under Vehumet
 14518 | Lair:1   | Offered knowledge of Fulminant Prism by Vehumet.
 16101 | Lair:2   | Identified a scroll of acquirement
 17312 | Lair:3   | Reached skill level 15 in Spellcasting
 17312 | Lair:3   | Noticed Prince Ribbit
 17314 | Lair:3   | Killed Prince Ribbit
 17314 | Lair:3   | Reached XP level 13. HP: 64/64 MP: 20/34
 17623 | Lair:3   | Got a silken robe
 17732 | Lair:3   | Identified the +1 robe of the Pit {Int+5} (You found it on
                  | level 3 of the Lair of Beasts)
 17922 | Lair:4   | Reached skill level 1 in Fighting
 18199 | Lair:4   | Offered knowledge of Ozocubu's Refrigeration by Vehumet.
 18480 | Lair:4   | Found an ancient bone altar of Kikubaaqudgha.
 18711 | Lair:4   | Found a staircase to the Swamp.
 18739 | Lair:4   | Got an encrusted leather armour
 18740 | Lair:4   | Identified the +2 leather armour of the Present {MR+ rCorr}
                  | (You found it on level 4 of the Lair of Beasts)
 19152 | Lair:4   | Found a staircase to the Snake Pit.
 19777 | Lair:5   | Got a faintly glowing cloak
 19781 | Lair:5   | Identified the +0 cloak "Vomedgheo" {rPois rF- MP+9 SInv}
                  | (You found it on level 5 of the Lair of Beasts)
 19870 | Lair:5   | Reached skill level 5 in Dodging
 20722 | Lair:5   | Got a transparent turquoise ring
 20729 | Lair:5   | Identified the ring of the Kangaroo {rPois rN+} (You found
                  | it on level 5 of the Lair of Beasts)
 20779 | Lair:6   | Entered Level 6 of the Lair of Beasts
 22037 | D:12     | Noticed Psyche
 22039 | D:12     | Killed Psyche
 22603 | D:12     | Found a staircase to the Orcish Mines.
 22700 | D:12     | Reached skill level 16 in Spellcasting
 22756 | D:13     | Found a gate to the Vaults.
 22790 | Orc:1    | Entered Level 1 of the Orcish Mines
 22795 | Orc:1    | Noticed a stone giant
 22798 | Orc:1    | Killed a stone giant
 22798 | Orc:1    | Reached XP level 14. HP: 46/76 MP: 11/36
 22941 | Orc:1    | Offered knowledge of Freezing Cloud by Vehumet.
 23349 | Orc:2    | Entered Level 2 of the Orcish Mines
 23358 | Orc:2    | Found Ishryagu's Magic Scroll Boutique.
 23358 | Orc:2    | Found Ynaet's Book Shoppe.
 23382 | Orc:2    | Noticed Maurice
 23541 | Orc:2    | Killed Maurice
 23574 | Orc:2    | Found Urhaleurph's Jewellery Boutique.
 23731 | Orc:2    | Bought a book of Ice for 910 gold pieces
 23740 | Orc:2    | Bought a cursed ring of teleportation for 67 gold pieces
 23746 | Orc:2    | Found Nogeil's Armour Emporium.
 23771 | Orc:2    | Found a roughly hewn altar of Beogh.
 23793 | Orc:2    | Found a frozen archway.
 23809 | IceCv    | Entered an ice cave
 24357 | Orc:2    | Found a staircase to the Elven Halls.
 25009 | Orc:2    | Found Zoips's General Store.
 25107 | Orc:2    | Found Mesemeiw's Magic Scroll Emporium.
 25170 | Orc:2    | Bought a scroll of identify for 22 gold pieces
 25172 | Orc:2    | Bought a scroll of blinking for 90 gold pieces
 25172 | Orc:2    | Bought a scroll of identify for 24 gold pieces
 25172 | Orc:2    | Bought a scroll of teleportation for 36 gold pieces
 25172 | Orc:2    | Bought a scroll of identify for 24 gold pieces
 25172 | Orc:2    | Bought a scroll of fear for 42 gold pieces
 25172 | Orc:2    | Bought a scroll of identify for 24 gold pieces
 25172 | Orc:2    | Bought a scroll of identify for 24 gold pieces
 25172 | Orc:2    | Bought 2 scrolls of identify for 48 gold pieces
 25732 | Orc:2    | Offered knowledge of Poison Arrow by Vehumet.
 25743 | Orc:2    | Reached skill level 5 in Fighting
 26075 | Orc:2    | Found Ixeesch's Antique Weapon Boutique.
 26075 | Orc:2    | Found Ossir's Gadget Shop.
 26075 | Orc:2    | Found a one-way gate leading to the halls of Pandemonium.
 27529 | D:14     | Noticed Nessos
 27906 | D:14     | Killed Nessos
 28321 | D:14     | Found a portal to a secret trove of treasure.
 28410 | D:14     | Offered knowledge of Conjure Ball Lightning by Vehumet.
 28503 | D:14     | Learned a level 6 spell: Conjure Ball Lightning
 28989 | D:15     | Entered Level 15 of the Dungeon
 28991 | D:15     | Reached XP level 15. HP: 84/84 MP: 37/37
 29019 | D:15     | Reached skill level 17 in Spellcasting
 29606 | D:15     | Reached skill level 15 in Fire Magic
 29860 | D:15     | Found a staircase to the Depths.
 30909 | Lair:6   | Reached skill level 10 in Dodging
 31010 | Lair:6   | Reached skill level 15 in Conjurations
 31512 | Lair:6   | Offered knowledge of Spellforged Servitor by Vehumet.
 31539 | Lair:6   | HP: 4/85 [fire crab (13)]
 31540 | Lair:6   | Engulfed by a fire crab's flame

Levels and vault maps discovered:
D:1:      mushboom_english_gardens, layout_basic, hex_large
D:2:      layout_loops_cross, chequers_temple_overflow_statue_of_worship,
          first_ration, corner_web_ring
D:3:      layout_basic
D:4:      layout_loops_cross, temple_fountains
D:5:      layout_basic, grunt_temple_overflow_gold_and_silver,
          grunt_dithmenos_shadows, minmay_misc_feat_iff, item_on_display_a
D:6:      layout_loops_cross, overflow_temple_1_default, lemuel_crystal_altar,
          ebering_dispersal_statue_hall
D:7:      layout_rooms, hangedman_ru_absence, uniq_harold, uniq_joseph,
          uniq_duvessa
D:8:      layout_rooms, dpeg_lair_monsters, enter_bailey_2, uniq_erica
D:9:      layout_cave_pools, lemuel_crystal_altar, serial_shops, shop_coins,
          uniq_grum
D:10:     layout_roguey, uniq_nergalle, uniq_urug
D:11:     layout_cave_pools
D:12:     layout_basic, david_orc_4, grunt_ogre_cave, uniq_psyche
D:13:     layout_cave_pools, david_vaults_3, serial_column_ruins,
          column_ruins_grid_4, column_ruins_grid_3,
          column_ruins_columns_straight, column_ruins_columns_corner,
          column_ruins_grid_1
D:14:     layout_basic, minmay_misc_feat_ornament, enter_trove_6, uniq_nessos
D:15:     gammafunk_depths_entry_grave, layout_irregular_city,
          chequers_serial_rivers_micro_d, serial_column_ruins,
          column_ruins_hut_ruined, column_ruins_open_small,
          column_ruins_open_tiny, column_ruins_open_tiny, column_ruins_grid_1,
          column_ruins_columns_T, column_ruins_open_tiny
Temple:   cyrus_circular_temple
Lair:1:   layout_cave_pods, enter_volcano_2, st_stairs_12, grunt_megastairs_4
Lair:2:   layout_roguey, lemuel_fruit_tree
Lair:3:   layout_gridlike, uniq_prince_ribbit2
Lair:4:   minmay_lair_venomous_thicket, layout_gridlike, swamp_mist,
          dummy_snake_entry, lemuel_centaur_altar, infiniplex_staircase_pool_2,
          lemuel_fruit_fields
Lair:5:   layout_regular_city, minmay_lindwurm_lava
Lair:6:   hangedman_lair_caniforms_friends, layout_loops_ring,
          guppyfry_lair_end_dragon, minmay_slime_entry_oklob_open,
          lemuel_oklob_altar
Orc:1:    layout_caves
Orc:2:    pf_orc_diabolical, layout_caves, portal_ice_cave_entry_imps,
          serial_shops, nicolae_shop_trees, shop, shop, shop, basic_altar,
          uniq_maurice
IceCv:    ice_cave_statue_garden_chambered
Volcano:  volcano_aerie

Skill      XL: |  1  2  3  4  5  6  7  8  9 10 11 12 13 14 15 |
---------------+----------------------------------------------+-----
Conjurations   | 2 3 4 5 7 8 10 11 12 13 14 15 | 15.0
Spellcasting   | 4 5 6 7 9 10 12 13 15 16 17 | 17.5
Fire Magic     | 4 5 6 8 9 10 11 13 14 15 | 15.3
Evocations     | 3 6 7 |  7.0
Shields        | 2 4 |  4.0
Dodging        | 6 9 10 | 10.0
Fighting       | 4 6 |  6.9
Stealth        | |  2.4

Action                   |  1- 3 |  4- 6 |  7- 9 | 10-12 | 13-15 || total
-------------------------+-------+-------+-------+-------+-------++-------
Melee: Unarmed           |     3 |       |    18 |    20 |       ||    41
       Scimitar          |       |       |       |    34 |    96 ||   130
       Staff             |       |       |       |       |    15 ||    15
 Cast: Flame Tongue      |    75 |    75 |   131 |   128 |    81 ||   490
       Sticky Flame      |       |     5 |    28 |    28 |    21 ||    82
       Fireball          |       |       |    12 |   195 |   406 ||   613
       Conjure Flame     |       |       |     3 |     2 |       ||     5
       Conjure Ball Ligh |       |       |       |       |     3 ||     3
 Abil: Evoke Flight      |       |       |       |       |     2 ||     2
       Stop Flying       |       |       |       |       |     1 ||     1
Evoke: Wand              |       |       |       |       |    12 ||    12
       Box of beasts     |       |       |       |       |     2 ||     2
       Phial of floods   |       |       |       |       |     1 ||     1
  Use: Scroll            |       |     3 |     3 |    20 |    14 ||    40
       Potion            |       |       |     2 |     1 |       ||     3
 Stab: Paralysed         |       |       |       |       |    37 ||    37
  Eat: Chunk             |     4 |     5 |    13 |    31 |    32 ||    85
       Ration            |       |       |     1 |     3 |     3 ||     7
Armor: Robe              |     6 |     3 |     7 |    15 |    23 ||    54
       Troll leather arm |       |       |       |     3 |       ||     3
Dodge: Dodged            |    28 |    25 |    47 |    77 |   113 ||   290
Block: Buckler           |       |       |       |     5 |    57 ||    62
       Rpst.: Scimitar   |       |       |       |    14 |    10 ||    24

Table legend:
 A = Non-vault XP
 B = Vault XP
 C = Vault XP percentage of total XP
 D = Non-vault monster count
 E = Vault monster count
 F = Vault count percentage of total count
                 A         B        C        D         E       F
            +---------+---------+-------+---------+---------+-------
      Total |   83605 |   47972 |  36.5 |     554 |     181 |  24.6
            +---------+---------+-------+---------+---------+-------
        D:1 |      17 |       0 |   0.0 |      12 |       0 |   0.0
        D:2 |      65 |       0 |   0.0 |      15 |       0 |   0.0
        D:3 |     134 |       0 |   0.0 |      29 |       0 |   0.0
        D:4 |     150 |       0 |   0.0 |      11 |       0 |   0.0
        D:5 |    1078 |     116 |   9.7 |      19 |       1 |   5.0
        D:6 |    1418 |       0 |   0.0 |      25 |       0 |   0.0
        D:7 |    1034 |    1638 |  61.3 |      21 |       4 |  16.0
        D:8 |    2046 |    3800 |  65.0 |      37 |       9 |  19.6
        D:9 |    2053 |     538 |  20.8 |      27 |       4 |  12.9
       D:10 |    2740 |    1631 |  37.3 |      34 |       2 |   5.6
       D:11 |    4591 |       0 |   0.0 |      32 |       0 |   0.0
       D:12 |    4688 |    2471 |  34.5 |      22 |      25 |  53.2
       D:13 |    3932 |    5319 |  57.5 |      18 |      14 |  43.8
       D:14 |    4775 |    1297 |  21.4 |      20 |       1 |   4.8
       D:15 |   11924 |    4804 |  28.7 |      32 |       8 |  20.0
     Lair:1 |    5376 |    1908 |  26.2 |      26 |       4 |  13.3
     Lair:2 |    3323 |       0 |   0.0 |      19 |       0 |   0.0
     Lair:3 |    4112 |     769 |  15.8 |      20 |       3 |  13.0
     Lair:4 |    6845 |    2591 |  27.5 |      22 |      17 |  43.6
     Lair:5 |    4852 |    2479 |  33.8 |      19 |       4 |  17.4
     Lair:6 |   14046 |     690 |   4.7 |      44 |       5 |  10.2
      Orc:1 |    2188 |       0 |   0.0 |      17 |       0 |   0.0
      Orc:2 |    2218 |   14659 |  86.9 |      33 |      69 |  67.6
      IceCv |       0 |    3262 | 100.0 |       0 |      11 | 100.0
            +---------+---------+-------+---------+---------+-------
